 Dungeon Crawl Stone Soup version 0.31-a0-516-gfcb59812bd (webtiles) character file.

Game seed: 16888359208046788213

359 GordonOverkill the Sneak (level 6, 0/32 HPs)
             Began as a Vine Stalker Delver on Aug 10, 2023.
             Succumbed to a water moccasin's poison
             ... on level 6 of the Dungeon.
             The game lasted 00:04:18 (1040 turns).

GordonOverkill the Sneak (Vine Stalker Delver)      Turns: 1040, Time: 00:04:18

Health: 0/32       AC:  3    Str: 18    XL:     6   Next: 65%
Magic:  8/12       EV: 12    Int: 12    God:
Gold:   58         SH:  0    Dex: 16    Spells: 12/12 levels left

rFire   . . .        j - +1 short sword of the Resonant God {venom, Str+4}
rCold   . . .        (no shield)
rNeg    . . .        b - +0 leather armour
rPois   .            (no helmet)
rElec   .            (no cloak)
rCorr   .            (no gloves)
SInv    .            (no boots)
Will    .....        (no amulet)
Stlth   +++          (no ring)
HPRegen 1.05/turn    (no ring)
MPRegen 0.13/turn

%: guardian spirit
@: lethally poisoned (0 -> -13), invisible
A: fangs 2, regeneration 1, magic shield, antimagic bite, no potion heal 2
a: no special abilities


You were on level 6 of the Dungeon.
You visited 1 branch of the dungeon, and saw 3 of its levels.
You also visited: Sewer.

You collected 58 gold pieces.

Inventory:

Hand Weapons
 a - a +0 spear
 j - the +1 short sword of the Resonant God (weapon) {venom, Str+4}
   (You found it on level 6 of the Dungeon)

   Str+4:     It affects your strength (+4).
Missiles
 o - 7 poisoned darts
Armour
 b - a +0 leather armour (worn)
Wands
 d - a wand of roots (20)
 g - a wand of digging (3)
 n - a wand of flame (16)
Scrolls
 c - a scroll of fog
 e - a scroll of fear
 h - 7 scrolls of identify {unknown}
 i - a scroll of enchant armour {unknown}
 k - a scroll of revelation
 l - a scroll of teleportation {unknown}
Potions
 f - a potion of haste


   Skills:
 - Level 2.6 Fighting
 + Level 2.8 Short Blades
 - Level 1.7 Polearms
 - Level 1.0 Throwing
 - Level 1.5 Dodging
 - Level 6.0 Stealth
 + Level 3.8 Spellcasting
 + Level 2.9 Evocations


You had 12 spell levels left.
You didn't know any spells.
Your spell library was empty.

Dungeon Overview and Level Annotations

Branches:
Dungeon (7/15)              Sewer (visited)
 Temple: D:4-7

Altars:


Innate Abilities, Weirdness & Mutations

You have extremely sharp teeth.
Your natural rate of healing is unusually fast.
When hurt, damage is shared between your health and your magic reserves.
Your bite disrupts and absorbs the magic of your enemies.
Potions cannot restore your health.


Message History

The grasping roots constrict the water moccasin.
The water moccasin bites you.
You are poisoned.
The water moccasin poisons you!
You hit the water moccasin.
The water moccasin is severely wounded.
The grasping roots constrict the water moccasin.
You feel very sick.
The roots release their grip on the water moccasin.
The water moccasin bites you.
You hit the water moccasin but do no damage.
The water moccasin is poisoned.
The water moccasin is almost dead.
You feel sick. The water moccasin barely misses you.
The water moccasin bites you.
* * * LOW HITPOINT WARNING * * *
You are more poisoned.
The water moccasin poisons you!
You barely miss the water moccasin. Your bite misses the water moccasin.
The water moccasin is almost dead.
You feel very sick. The water moccasin bites you.
* * * LOW HITPOINT WARNING * * *
You are lethally poisoned!
The water moccasin poisons you!
Aiming: Fastroot
Press: ? - help, Shift-Dir - straight line, f/p - water moccasin
Aim: a water moccasin (almost dead, very poisoned)
The roots erupt in riotous growth!
Roots grab the water moccasin.
The grasping roots constrict the water moccasin.
You kill the water moccasin!
* * * LOW HITPOINT WARNING * * *
You feel extremely sick.
It was a potion of cancellation.
You feel magically purged.
* * * LOW HITPOINT WARNING * * *
You feel very sick.
It was a potion of invisibility.
You fade into invisibility!
You die...

............#,,,+,,,,,,,,,*,,,,,,
............#####*,********,**,**
##########......#*,********,**,**
### *,,#......#,,,,,,,,,,,,*,,*
~## *,,#......#,,,,,,,,,,,,*,,*
### *,,+......#,,,,,,,,,,,,*,,*
### #..#......#,,,,,,,,,,,,*,,*
### *#..<.....#####,,****,**+** #
######'##@...#,,****,**,,* #
#...#....+,,,,*,,,,,,, ##
#...+....#,,,,*,,,,,,, ~#
##..#....#*+****,**,,* ##
########..,,***,**,,* #
*...,*,,,+,,,* *,...*,,,*,,,*
*,,..*,,,*,,,* *,,,,**+****,*


There were no monsters in sight!

Vanquished Creatures
  A water moccasin (D:6)
  Pargi (Sewer)
  A phantom (D:6)
  An orc wizard (D:6)
  An adder (D:6)
  A river rat (D:6)
  A worm (D:6)
  12 orcs
  A giant cockroach (Sewer)
  4 quokkas (D:6)
  A bat (Sewer)
  4 kobolds
  A rat (D:6)
30 creatures vanquished.

Notes
Turn   | Place    | Note
-------+----------+-------------------------------------------
     0 | D:5      | GordonOverkill the Vine Stalker Delver began the quest for
                  | the Orb.
     0 | D:5      | Reached XP level 1. HP: 11/11 MP: 2/2
    55 | D:5      | Reached skill level 1 in Spellcasting
    66 | D:5      | Reached XP level 2. HP: 6/16 MP: 1/5
   164 | D:6      | Identified the +1 short sword of the Resonant God {venom,
                  | Str+4}
   192 | D:6      | Reached XP level 3. HP: 14/19 MP: 5/7
   202 | D:6      | Reached skill level 1 in Evocations
   298 | D:6      | Found a glowing drain.
   317 | Sewer    | Entered a sewer
   530 | Sewer    | Noticed Pargi
   539 | Sewer    | Killed Pargi
   540 | Sewer    | Reached skill level 1 in Short Blades
   540 | Sewer    | Gained mutation: Your natural rate of healing is unusually
                  | fast. [Vine Stalker growth]
   540 | Sewer    | Reached XP level 4. HP: 3/23 MP: 2/9
   540 | Sewer    | Reached XP level 5. HP: 4/27 MP: 2/10
   722 | D:6      | Noticed a phantom
   758 | D:7      | Noticed a kobold brigand
   788 | D:7      | Identified the +1 ring mail of Bequeathed Surprise {rElec
                  | rC+}
   811 | D:6      | Killed a phantom
   880 | D:6      | Reached skill level 1 in Throwing
   880 | D:6      | Reached XP level 6. HP: 21/32 MP: 7/12
  1025 | D:6      | Noticed a water moccasin
  1038 | D:6      | Killed a water moccasin
  1040 | D:6      | Succumbed to a water moccasin's poison

Illustrated notes

Levels and vault maps discovered:
D:5:      layout_rooms, grunt_dithmenos_smoke_and_mirrors, serial_corexii_hall,
          chequers_hall_statues_corner_a, chequers_hall_statues_wall_a
D:6:      layout_gridville, gup_sewer_entry_bubbles, uniq_maggie, uniq_jeremiah,
          uniq_edmund
D:7:      layout_loops_ring, minmay_temple_entry_ruins, minmay_small_thing,
          uniq_crazy_yiuf_cottage

Skill      XL: |  1  2  3  4  5 |
---------------+----------------+-----
Spellcasting   | 1 2 3 |  3.8
Evocations     | 2 |  2.9
Short Blades   | 1 2 |  2.8
Throwing       | 1 |  1.0
Fighting       | |  2.6
Polearms       | |  1.7
Dodging        | |  1.5
Stealth        | |  6.0

Action                     |  1- 3 |  4- 6 || total
---------------------------+-------+-------++-------
  Melee: Spear             |    14 |       ||    14
         Bite              |    11 |     7 ||    18
         Short sword       |    53 |    40 ||    93
  Evoke: Wand              |       |     3 ||     3
    Use: Potion            |     1 |     3 ||     4
         Scroll            |     1 |       ||     1
   Stab: Sleeping          |     6 |       ||     6
 Armour: Leather armour    |    12 |     3 ||    15
  Dodge: Dodged            |    32 |    19 ||    51

Table legend: (Time is in decaauts)
 A = Elapsed time spent in this place.
 B = Non-inter-level travel time spent in this place.
 C = Inter-level travel time spent in this place.
 D = Time resting spent in this place.
 E = Time spent auto-exploring this place.
 F = Levels seen in this place.
 G = Mean time per level.
                   A        B        C        D        E       F      G
               +--------+--------+--------+--------+--------+-----+--------+
         Total |   1025 |   1014 |     11 |    216 |    182 |   4 |  256.2 |
       Dungeon |    694 |    683 |     11 |     54 |    113 |   3 |  231.3 |
         Sewer |    330 |    330 |      0 |    162 |     69 |   1 |  330.0 |
               +--------+--------+--------+--------+--------+-----+--------+

Top non-repeatable levels by time:
     D:6: 554 daAuts
   Sewer: 330 daAuts
     D:5: 103 daAuts
     D:7: 37 daAuts
